 Dungeon Crawl Stone Soup version 0.30-b1-2-g02819fbbbe (webtiles) character file.

Game seed: 9215337832050808576

22169 protoss039 the Fighter (level 12, -42/102 HPs)
             Began as a Demonspawn Earth Elementalist on June 30, 2023.
             Was an Elder of Vehumet.
             Annihilated by an enormous slime creature (54 damage)
             ... on level 12 of the Dungeon.
             The game lasted 00:28:41 (15498 turns).

protoss039 the Fighter (DsEE)                      Turns: 15498, Time: 00:28:42

Health: -42/102    AC: 13    Str:  9    XL:     12   Next: 60%
Magic:  17/27      EV: 17    Int: 27    God:    Vehumet [****..]
Gold:   606        SH:  0    Dex:  9    Spells: 20/33 levels left

rFire   + + +        S - +3 hand axe of Accord {venom, rF++ Stlth+}
rCold   + . .        (no shield)
rNeg    . . .        T - +2 robe {Will+}
rPois   .            (no helmet)
rElec   +            (no cloak)
rCorr   .            w - +0 pair of gloves
SInv    .            X - +0 pair of boots of the Will of the Gods {rElec rF+ rC+ Dex-5}
Will    +....        (no amulet)
Stlth   +++          a - +6 ring of intelligence
HPRegen 0.37/turn    K - ring of Mamu {AC+4 Slay+2}
MPRegen 0.20/turn

%: no passive effects
@: agile
A: thin metallic scales 2, powered by pain 2, condensation shield, demonic touch
2
a: Renounce Religion


You were on level 12 of the Dungeon.
You worshipped Vehumet.
Vehumet was greatly pleased with you.
You visited 2 branches of the dungeon, and saw 13 of its levels.

You collected 884 gold pieces.
You spent 278 gold pieces at shops.

Inventory:

Hand Weapons
 S - the +3 hand axe of Accord (weapon) {venom, rF++ Stlth+}
   (You took it off an orc warrior on level 8 of the Dungeon)

   rF:        It greatly protects you from fire.
   Stlth:     It makes you more stealthy.
Missiles
 C - 2 datura-tipped darts (quivered)
 P - 2 throwing nets
Armour
 w - a +0 pair of gloves (worn)
 B - +0 acid dragon scales
 R - +0 steam dragon scales
 T - a +2 robe of willpower (worn)
 X - the +0 pair of boots of the Will of the Gods (worn) {rElec rF+ rC+ Dex-5}
   (You found it on level 11 of the Dungeon)

   Dex:       It affects your dexterity (-5).
   rF:        It protects you from fire.
   rC:        It protects you from cold.
   rElec:     It insulates you from electricity.
Magical Staves
 v - a staff of cold
 L - a staff of poison
Jewellery
 a - a +6 ring of intelligence (left hand)
 d - a +6 ring of dexterity
 k - an amulet of guardian spirit
 o - a ring of protection from cold
 u - a +6 ring of strength
 J - a ring of willpower
 K - the ring of Mamu (right hand) {AC+4 Slay+2}
   (You found it on level 6 of the Dungeon)

   [ring of protection]

   AC:        It affects your AC (+4).
   Slay:      It affects your accuracy & damage with ranged weapons and melee
   (+2).
 M - a +6 ring of intelligence
 V - a ring of see invisible
Wands
 h - a wand of paralysis (4)
 F - a wand of mindburst (3)
 H - a wand of flame (32)
 U - a wand of acid (5)
Scrolls
 c - a scroll of identify
 e - 2 scrolls of blinking
 f - a scroll of magic mapping {unknown}
 l - a scroll of amnesia {unknown}
 p - 4 scrolls of teleportation
 q - 3 scrolls of immolation
 r - 2 scrolls of enchant armour
 y - a scroll of silence {unknown}
 z - a scroll of torment {unknown}
 E - 5 scrolls of enchant weapon
 G - a scroll of fog {unknown}
 I - 2 scrolls of acquirement {unknown}
 N - 2 scrolls of poison
 W - a scroll of fear {unknown}
Potions
 b - 3 potions of magic
 g - 3 potions of might
 i - 3 potions of ambrosia
 j - 11 potions of curing
 m - 6 potions of resistance
 n - a potion of invisibility {unknown}
 s - 3 potions of berserk rage
 t - a potion of brilliance {unknown}
 x - a potion of heal wounds {unknown}
 A - 2 potions of attraction {unknown}
 D - 2 potions of haste {unknown}
 O - 2 potions of mutation {unknown}
 Q - 3 potions of flight {unknown}


   Skills:
 + Level 11.8 Fighting
 + Level 1.9 Armour
 - Level 1.7 Dodging
 - Level 1.7 Stealth
 + Level 11.1 Spellcasting
 + Level 2.1 Conjurations
 - Level 1.0 Transmutations
 * Level 2.8 Fire Magic
 + Level 11.2 Earth Magic
 - Level 3.0 Poison Magic
 + Level 2.1 Evocations


You had 20 spell levels left.
You knew the following spells:

 Your Spells              Type           Power      Damage    Failure   Level
a - Sandblast             Erth           100%       2d20      1%          1
b - Passwall              Tmut/Erth      40%        N/A       1%          2
c - Stone Arrow           Conj/Erth      100%       3d13      1%          3
d - Inner Flame           Hex/Fire       22%        N/A       1%          3
e - Olgreb's Toxic Radia  Pois           31%        N/A       3%          4

Your spell library contained the following spells:

 Spells                   Type           Power      Damage    Failure   Level
 Freeze                   Ice            60%        1d7       1%          1
 Kiss of Death            Conj/Necr      80%        2d11      1%          1
 Dazzling Flash           Conj/Hex       40%        N/A       2%          3
 Hailstorm                Conj/Ice       20%        3d6       2%          3
 Frozen Ramparts          Ice            30%        1d5       3%          3
 Petrify                  Tmut/Erth      48%        N/A       3%          4
 Confusing Touch          Hex            15%        N/A       12%         3
 Ozocubu's Armour         Ice            15%        N/A       12%         3
 Dispel Undead            Necr           15%        3d10      36%         4
 Agony                    Necr           15%        N/A       71%         5
 Silence                  Hex/Air        7%         N/A       71%         5
 Ozocubu's Refrigeration  Ice            7%         4d9       99%         7


Dungeon Overview and Level Annotations

Branches:
Dungeon (12/15) Zot: 26609  Temple (1/1) D:6 Zot: 5673    Lair (0/5) D:11
    Orc (0/2) D:10

Altars:
Ashenzari
Cheibriados
Dithmenos
Fedhas
Gozag
Hepliaklqana
Kikubaaqudgha
Makhleb
Nemelex Xobeh
Okawaru
Qazlal
Ru
Sif Muna
Trog
Uskayaw
Vehumet
Wu Jian
Xom
Yredelemnul

Shops:
D:2 [   D:3 *   D:5 !   D:8 ***=(   D:10 *

Annotations:
D:7 1 runed translucent door
D:8 1 runed translucent door, Metae's ghost, novice MiFi
D:10 exclusion: downstairs


Innate Abilities, Weirdness & Mutations

You are mostly covered in thin metallic scales. (AC +3)
You sometimes gain power by taking damage.
A meltable shield of frost defends you. (SH +0)
Your touch may inflict irresistible damage on your foes.


Message History

Casting: Sandblast (safe; 1% risk of failure)
Confirm with . or Enter, or press ? or * to list all spells.
Aiming: Inner Flame (safe; 1% risk of failure)
Press: ? - help, Dir - move target, f - slime creature
Aim: a slime creature (flame, almost dead, chance to affect: 62%)
The slime creature is filled with an inner flame.
Two slime creatures merge to form a large slime creature.
The slime creature is engulfed in blazing flames.
Two slime creatures merge to form a very large slime creature.
The slime creature is engulfed in blazing flames.
Unknown command.
Unknown command.
Unknown command.
The very large slime creature is engulfed in blazing flames.
Flame seeps out of the very large slime creature.
The very large slime creature hits you!!!
* * * LOW HITPOINT WARNING * * *
You focus on the pain.
You feel agile all of a sudden.
Two slime creatures merge to form an enormous slime creature.
Unknown command.
Unknown command.
Unknown command.
Unknown command.
Unknown command.
Casting: Inner Flame (safe; 1% risk of failure)
Confirm with . or Enter, or press ? or * to list all spells.
Aiming: Stone Arrow (safe; 1% risk of failure)
Press: ? - help, Shift-Dir - straight line, f/p - enormous slime creature
Aim: an enormous slime creature (flame, heavily wounded, inner flame, 95% to hit)
The stone arrow hits the enormous slime creature!!
Flame seeps out of the enormous slime creature.
The enormous slime creature is severely wounded.
The enormous slime creature is engulfed in blazing flames.
Flame seeps out of the enormous slime creature.
Unknown command.
The enormous slime creature attacks as you move away!
The enormous slime creature hits you!!!
Ouch! That really hurt!
You die...

######
.....#############
.....#...........#
.......#########@#
.....### #.J.#
.....# #§###
.....# #.§...#
.(...# #.§...#
.##### #.....#
.###### #.....#
....... ......#
###########......#


You could see an enormous slime creature (inner flame).

Vanquished Creatures
  A hydra (D:11)
  4 two-headed ogres
  A tengu warrior (D:11)
  7 death yaks
  Lodul (D:11)
  An ugly thing (D:11)
  3 cyclopes
  3 gargoyles
  2 kobold demonologists (D:12)
  Maggie (D:7)
  A komodo dragon (D:10)
  2 tengu conjurers
  A freezing wraith (D:12)
  A hornet (D:8)
  2 trolls (D:10)
  Prince Ribbit (D:7)
  2 slime creatures
  A vampire (D:11)
  17 yaks
  4 vampire mosquitoes (D:12)
  Menkaure (D:6)
  Edmund (D:4)
  2 acid dragons
  3 orc warriors
  An ice beast (Temple)
  A black bear (D:5)
  3 centaurs
  7 ogres
  8 kobold brigands
  5 bullfrogs
  2 gnoll sergeants
  6 scorpions
  9 wights
  12 killer bees
  2 howler monkeys
  3 jellies
  5 hounds
  13 orc priests
  2 gnoll boudas
  6 iguanas
  A sleepcap (D:7)
  A human skeleton (D:7)
  19 orc wizards
  23 gnolls
  8 adders
  2 white imps
  3 worms
  2 dart slugs (D:2)
  61 orcs
  4 ball pythons
  5 bats
  2 endoplasms (D:2)
  2 giant cockroaches
  6 goblins
  4 hobgoblins
  4 jackals (D:4)
  24 kobolds
  10 quokkas
  4 frilled lizards
  A kobold skeleton (D:7)
  4 rats
338 creatures vanquished.

Vanquished Creatures (collateral kills)
  An orc wizard (D:7)
  An orc (D:7)
2 creatures vanquished.

Vanquished Creatures (others)
  2 plants (D:1)
2 creatures vanquished.

Grand Total: 342 creatures vanquished

Notes
Turn   | Place    | Note
-------+----------+-------------------------------------------
     0 | D:1      | protoss039 the Demonspawn Earth Elementalist began the
                  | quest for the Orb.
     0 | D:1      | Reached XP level 1. HP: 13/13 MP: 3/3
    89 | D:1      | Reached skill level 1 in Transmutations
   169 | D:1      | Gained mutation: You are partially covered in thin metallic
                  | scales. (AC +2) [demonic ancestry]
   169 | D:1      | Reached XP level 2. HP: 20/20 MP: 5/5
   275 | D:1      | Reached skill level 1 in Fighting
   462 | D:1      | Found a faded altar of an unknown god.
  1221 | D:2      | Gained mutation: Your touch may inflict minor irresistible
                  | damage on your foes. [demonic ancestry]
  1221 | D:2      | Reached XP level 3. HP: 26/26 MP: 0/6
  1630 | D:2      | Found Qimuk's Armour Shoppe.
  1844 | D:2      | Learned a level 2 spell: Passwall
  1849 | D:2      | Learned a level 3 spell: Stone Arrow
  1865 | D:3      | Noticed a scorpion
  1878 | D:3      | Killed a scorpion
  1879 | D:3      | Gained mutation: You sometimes gain a little power by
                  | taking damage. [demonic ancestry]
  1879 | D:3      | Reached XP level 4. HP: 23/33 MP: 1/8
  1974 | D:3      | Noticed an ogre
  1978 | D:3      | Killed an ogre
  1979 | D:3      | Reached XP level 5. HP: 40/40 MP: 3/10
  2214 | D:3      | Found Unkim's Assorted Antiques.
  2219 | D:3      | Bought a metallic ruby potion for 20 gold pieces
  2219 | D:3      | Bought a metallic ruby potion for 20 gold pieces
  2219 | D:3      | Bought a metallic ruby potion for 20 gold pieces
  2219 | D:3      | Bought a metallic ruby potion for 20 gold pieces
  2968 | D:4      | Gained mutation: You sometimes gain power by taking damage.
                  | [demonic ancestry]
  2968 | D:4      | Reached XP level 6. HP: 14/47 MP: 0/11
  3273 | D:4      | Noticed Edmund
  3383 | D:4      | Killed Edmund
  3503 | D:4      | Reached XP level 7. HP: 45/54 MP: 13/13
  3847 | D:5      | Entered Level 5 of the Dungeon
  3865 | D:5      | Reached skill level 5 in Earth Magic
  4288 | D:5      | Reached skill level 5 in Spellcasting
  4372 | D:5      | Reached skill level 5 in Fighting
  4459 | D:5      | Gained mutation: A meltable shield of frost defends you.
                  | (SH +0) [demonic ancestry]
  4459 | D:5      | Reached XP level 8. HP: 62/62 MP: 7/15
  4624 | D:5      | Found Zuscheogh's Distillery.
  4627 | D:5      | Bought a potion of degeneration for 13 gold pieces
  4627 | D:5      | Bought a potion of might for 52 gold pieces
  4627 | D:5      | Bought a potion of berserk rage for 65 gold pieces
  4645 | D:5      | Found an iron altar of Okawaru.
  5369 | D:6      | Identified the ring of Mamu {AC+4 Slay+2}
  5720 | D:6      | Noticed Menkaure
  5721 | D:6      | Found a staircase to the Ecumenical Temple.
  5724 | D:6      | Killed Menkaure
  5738 | Temple   | Entered the Ecumenical Temple
  6044 | Temple   | Became a worshipper of Vehumet
  6597 | D:7      | Reached XP level 9. HP: 71/71 MP: 0/18
  6718 | D:7      | Found a runed translucent door.
  6737 | D:7      | Found a basalt altar of Yredelemnul.
  7145 | D:7      | Noticed Prince Ribbit
  7151 | D:7      | Killed Prince Ribbit
  7486 | D:7      | Noticed Maggie
  7786 | D:7      | Killed Maggie
  7926 | D:8      | Reached * piety under Vehumet
  7926 | D:8      | Offered knowledge of Foxfire by Vehumet.
  7973 | D:8      | Found a burning altar of Makhleb.
  8010 | D:8      | Found Tojibes's Jewellery Emporium.
  8049 | D:8      | Found an opulent altar of Gozag.
  8148 | D:8      | Noticed a two-headed ogre
  8153 | D:8      | Killed a two-headed ogre
  8154 | D:8      | Reached XP level 10. HP: 70/80 MP: 1/21
  8157 | D:8      | Noticed a two-headed ogre
  8274 | D:8      | Noticed a cyclops
  8278 | D:8      | Identified the +3 hand axe of Accord {venom, rF++ Stlth+}
  8281 | D:8      | Killed a cyclops
  8375 | D:8      | Noticed a gargoyle
  8380 | D:8      | Killed a gargoyle
  8463 | D:8      | Killed a two-headed ogre
  8530 | D:8      | Found Kaimielume's General Store.
  8544 | D:8      | Paralysed by a hornet for 1 turns
  8662 | D:8      | Bought a scroll of identify for 32 gold pieces
  8838 | D:8      | Found Hat Umic's Weapon Emporium.
  8957 | D:8      | Noticed Metae's ghost (novice MiFi)
  8960 | D:8      | Found a runed translucent door.
  9101 | D:8      | Found Zaumedog's General Store.
  9107 | D:8      | Bought a scroll of identify for 24 gold pieces
  9177 | D:8      | Found Wyomp's General Store.
  9187 | D:8      | Bought a scroll of noise for 12 gold pieces
  9644 | D:9      | Reached ** piety under Vehumet
  9647 | D:9      | Offered knowledge of Momentum Strike by Vehumet.
  9758 | D:9      | Noticed a two-headed ogre
  9897 | D:9      | Killed a two-headed ogre
  9898 | D:9      | Gained mutation: You are mostly covered in thin metallic
                  | scales. (AC +3) [demonic ancestry]
  9898 | D:9      | Reached XP level 11. HP: 70/90 MP: 9/24
 10426 | D:9      | Offered knowledge of Inner Flame by Vehumet.
 10573 | D:9      | Reached skill level 10 in Fighting
 11244 | D:9      | Learned a level 3 spell: Inner Flame
 11245 | D:10     | Entered Level 10 of the Dungeon
 11332 | D:10     | Reached *** piety under Vehumet
 11442 | D:10     | Found Zyununy's Island Escapes.
 11738 | D:10     | Reached skill level 10 in Earth Magic
 11778 | D:10     | Offered knowledge of Fulminant Prism by Vehumet.
 11989 | D:10     | Found a staircase to the Orcish Mines.
 12354 | D:11     | Noticed Lodul
 12354 | D:11     | Noticed a two-headed ogre
 12387 | D:11     | Noticed a cyan ugly thing
 12390 | D:11     | Killed a cyan ugly thing
 12391 | D:11     | Reached skill level 10 in Spellcasting
 12511 | D:11     | Noticed a death yak
 12513 | D:11     | Found a staircase to the Lair.
 12534 | D:11     | Killed a death yak
 12827 | D:11     | Noticed a death yak
 12828 | D:11     | Noticed a death yak
 12828 | D:11     | Noticed a death yak
 12869 | D:10     | Killed a death yak
 13028 | D:11     | Noticed a death yak
 13037 | D:11     | Noticed a death yak
 13037 | D:11     | Noticed a death yak
 13049 | D:10     | Killed a death yak
 13178 | D:11     | Killed a death yak
 13421 | D:11     | Noticed a tengu warrior
 13429 | D:11     | Reached **** piety under Vehumet
 13430 | D:11     | Killed a tengu warrior
 13529 | D:11     | Identified the +0 pair of boots of the Will of the Gods
                  | {rElec rF+ rC+ Dex-5}
 13560 | D:11     | Killed Lodul
 13561 | D:11     | Gained mutation: Your touch may inflict irresistible damage
                  | on your foes. [demonic ancestry]
 13561 | D:11     | Reached XP level 12. HP: 91/100 MP: 14/26
 13566 | D:11     | Killed a two-headed ogre
 13566 | D:11     | Offered knowledge of Olgreb's Toxic Radiance by Vehumet.
 13576 | D:11     | Learned a level 4 spell: Olgreb's Toxic Radiance
 13801 | D:11     | Noticed a five-headed hydra
 13805 | D:11     | Killed a five-headed hydra
 13806 | D:11     | Reached skill level 1 in Fire Magic
 13806 | D:11     | Reached skill level 1 in Poison Magic
 13978 | D:11     | Killed a death yak
 13995 | D:11     | Killed a death yak
 13996 | D:11     | Reached skill level 1 in Armour
 13996 | D:11     | Reached skill level 1 in Conjurations
 13996 | D:11     | Reached skill level 1 in Evocations
 14677 | D:11     | Killed a death yak
 15498 | D:12     | Annihilated by an enormous slime creature

Illustrated notes

Levels and vault maps discovered:
D:1:      dpeg_arrival_another_circle, layout_basic, serial_forest,
          infiniplex_forest_lined_3_way, infiniplex_forest_3_way,
          infiniplex_forest_clump_diagonal, infiniplex_forest_lined_3_way,
          infiniplex_forest_zigzag_2, shapermc_ecumenical_altar_mp_vishouse
D:2:      layout_basic, serial_shops, nicolae_shop_hallway_plus,
          minmay_randomly_rotated_circles
D:3:      layout_loops_corners, serial_shops, nicolae_shop_hallway_stairs
D:4:      layout_cave_pools, uniq_edmund
D:5:      layout_basic, okawaru_metal_pillars_1_2, minitemple, serial_shops,
          kennysheep_mini_moat
D:6:      layout_loops_ring, minmay_temple_entry_grid, uniq_menkaure
D:7:      layout_basic, dk_yredelemnul_ordeal, uniq_maggie, uniq_prince_ribbit1
D:8:      nzn_winding_woodlands_three_and_one
          [nzn_winding_woodlands_5x15_pockets,
          nzn_winding_woodlands_5x15_pathside_ponds,
          nzn_winding_woodlands_5x15_eye,
          nzn_winding_woodlands_center_triple_pond], layout_basic,
          mainiacjoe_overflow_catwalk, grunt_gozag_breadcrumbs,
          hellmonk_ghost_happy_afterlife, serial_shops,
          nicolae_shop_temple_entry_statues_fountains, shop, shop, shop,
          nicolae_shop_rolling_square
D:9:      layout_irregular_city
D:10:     minmay_evil_eye, layout_irregular_city, minmay_orc_entry_temple_small,
          nicolae_island_escapes
D:11:     layout_basic, dpeg_lair_monsters, minmay_fractal_squares_gapless_7,
          uniq_lodul
D:12:     layout_rooms, patterned_corridor
Temple:   nicolae_temple_slightly_damp_pantheon

Skill      XL: |  1  2  3  4  5  6  7  8  9 10 11 12 |
---------------+-------------------------------------+-----
Transmutations | 1 |  1.0
Fighting       | 1 2 3 4 5 6 8 9 11 | 11.8
Earth Magic    | 3 4 5 6 8 9 10 11 | 11.2
Spellcasting   | 3 4 5 6 7 9 10 11 | 11.1
Fire Magic     | 2 |  2.8
Poison Magic   | 3 |  3.0
Armour         | 1 |  1.9
Conjurations   | 2 |  2.1
Evocations     | 2 |  2.1
Dodging        | |  1.7
Stealth        | |  1.7

Action                     |  1- 3 |  4- 6 |  7- 9 | 10-12 || total
---------------------------+-------+-------+-------+-------++-------
  Melee: Dagger            |    51 |    10 |    53 |       ||   114
         Touch             |     4 |     3 |     7 |    22 ||    36
         Punch             |       |       |     1 |     1 ||     2
         Hand axe          |       |       |       |    90 ||    90
  Throw: Dart              |       |       |     1 |       ||     1
   Cast: Sandblast         |    33 |    32 |    80 |    46 ||   191
         Stone Arrow       |     1 |    12 |    78 |   204 ||   295
         Inner Flame       |       |       |       |     9 ||     9
         Olgreb's Toxic Ra |       |       |       |     4 ||     4
  Evoke: Wand              |       |       |     9 |     7 ||    16
    Use: Scroll            |       |     2 |     1 |     9 ||    12
         Potion            |       |       |       |     4 ||     4
   Stab: Sleeping          |     6 |     1 |     1 |       ||     8
         Distracted        |       |       |     1 |       ||     1
 Armour: Leather armour    |     4 |       |       |       ||     4
         Robe              |    16 |    18 |    53 |    97 ||   184
  Dodge: Dodged            |    34 |    55 |    92 |   121 ||   302
  Block: Other             |       |       |    15 |    42 ||    57
